 Dungeon Crawl Stone Soup version 0.24.1-14-gf8d2b509d9 (webtiles) character file.

Game seed: 12456807077181030153, levelgen mode: deterministic

263 hazymike the Thrower (level 6, -1/45 HPs)
             Began as a Gnoll Hunter on May 21, 2020.
             Was an Initiate of Hepliaklqana.
             Slain by Grinder (7 damage)
             ... on level 3 of the Dungeon.
             The game lasted 00:14:21 (3398 turns).

hazymike the Thrower (Gnoll Hunter)                 Turns: 3398, Time: 00:14:22

Health: -1/45      AC:  4    Str: 16    XL:     6   Next: 19%
Magic:  8/8        EV: 15    Int: 13    God:    Hepliaklqana [......]
Gold:   19         SH:  0    Dex: 16    Spells: 8/8 levels left

rFire    . . .     SeeInvis .   a - +0 short sword
rCold    . . .     Gourm    .   (no shield)
rNeg     . . .     Faith    .   b - +0 leather armour
rPois    .         Spirit   .   h - +0 helmet
rElec    .         Reflect  .   (no cloak)
rCorr    .         Harm     .   (no gloves)
MR       .....                  (no boots)
Stlth    ++........             (no amulet)
HPRegen  0.15/turn              (no ring)
MPRegen  0.11/turn              (no ring)

@: no status effects
A: distributed training, reduced essence, fangs 1, strong nose
a: Recall Ancestor, Ancestor Identity, Renounce Religion


You were on level 3 of the Dungeon.
You worshipped Hepliaklqana.
Hepliaklqana was noncommittal.
You were not hungry.

You visited 1 branch of the dungeon, and saw 3 of its levels.
You also visited: Sewer.

You collected 19 gold pieces.

Inventory:

Hand Weapons
 a - a +0 short sword (weapon)
Missiles
 c - 6 javelins
 d - 2 throwing nets
 e - 45 stones
 i - 6 poisoned darts (quivered)
 j - 2 silver javelins
Armour
 b - a +0 leather armour (worn)
 h - a +0 helmet (worn)
Jewellery
 m - an uncursed ring of fire
Scrolls
 g - 2 scrolls of teleportation
 q - 2 scrolls of fear
 r - a scroll of remove curse
 s - a scroll of immolation
Potions
 k - a potion of ambrosia {unknown}
 l - 2 potions of might {unknown}
 n - a potion of resistance {unknown}
 o - 2 potions of curing {unknown}
 p - 2 potions of heal wounds
 t - a potion of magic {unknown}
 w - a potion of brilliance {unknown}
Comestibles
 f - 5 rations
 v - 2 chunks of flesh


   Skills:
 + Level 4.9 Fighting
 + Level 1.8 Short Blades
 + Level 1.8 Long Blades
 + Level 1.8 Axes
 + Level 1.8 Maces & Flails
 + Level 1.8 Polearms
 + Level 1.8 Staves
 + Level 1.8 Slings
 + Level 1.8 Bows
 + Level 1.8 Crossbows
 + Level 8.7 Throwing
 + Level 1.8 Armour
 + Level 4.9 Dodging
 + Level 3.0 Stealth
 + Level 1.8 Shields
 + Level 1.8 Unarmed Combat
 + Level 1.8 Spellcasting
 + Level 1.4 Conjurations
 + Level 1.4 Hexes
 + Level 1.4 Charms
 + Level 1.4 Summonings
 + Level 1.4 Necromancy
 + Level 1.4 Translocations
 + Level 1.4 Transmutations
 + Level 1.4 Fire Magic
 + Level 1.4 Ice Magic
 + Level 1.4 Air Magic
 + Level 1.4 Earth Magic
 + Level 1.4 Poison Magic
 + Level 2.0 Invocations
 + Level 1.8 Evocations


You had 8 spell levels left.
You didn't know any spells.
Your spell library was empty.

Dungeon Overview and Level Annotations

Branches:
Dungeon (3/15)              Sewer (visited)

Altars:
Hepliaklqana
Makhleb

Annotations:
D:3 Grinder


Innate Abilities, Weirdness & Mutations

Your experience applies equally to all skills.
You have very sharp teeth.
Your uncanny sense of smell can sniff out nearby items.
Your life essence is reduced to manifest your ancestor. (-10% HP)


Message History

You can move again.
You hit Grinder. You bite Grinder, but do no damage.
Grinder is moderately wounded.
Xochitl hits Grinder but does no damage.
Grinder says, "Don't move a muscle."
Grinder closely misses you.
You hit Grinder. Your bite misses Grinder.
Grinder is moderately wounded.
Xochitl hits Grinder but does no damage.
Grinder hits you.
You hit Grinder but do no damage.
Grinder is moderately wounded.
Xochitl closely misses Grinder.
Grinder hits you.
* * * LOW HITPOINT WARNING * * *
You writhe in agony.
* * * LOW HITPOINT WARNING * * *
You hit Grinder but do no damage.
Grinder is moderately wounded.
Xochitl closely misses Grinder.
Grinder hits you!
You die...

#...#≈≈≈≈≈≈≈≈≈≈#..
#..)#########..#.. .
#....##≈≈≈≈≈≈..#.. ..
#...##..≈...≈≈##.. ...
#...#..≈≈≈≈≈≈###.. ....
#.†.#..#########.# .....
#..?#.≈≈≈≈≈≈≈≈.#.#
......#R..##≈≈≈≈≈≈≈≈≈..#
......5@...########≈≈..#
######.....)... ######
........... ######+#####


You could see the friendly Xochitl the ancestor and Grinder.

Vanquished Creatures
  A centaur (D:2)
  3 river rats (Sewer)
  8 adders
  An ooze (D:3)
  5 leopard geckos
  8 bats
  3 giant cockroaches
  6 hobgoblins
  2 jackals (D:1)
  6 kobolds
  3 ball pythons (Sewer)
  7 frilled lizards
  5 goblins
  20 rats
78 creatures vanquished.

Vanquished Creatures (collateral kills)
  A worm (D:2)
  A leopard gecko (D:3)
  3 giant cockroaches (D:3)
  A frilled lizard (Sewer)
  A kobold (D:2)
  A leopard gecko skeleton (D:2)
8 creatures vanquished.

Vanquished Creatures (others)
  2 ancestors
2 creatures vanquished.

Grand Total: 88 creatures vanquished

Notes
Turn   | Place    | Note
-------+----------+-------------------------------------------
     0 | D:1      | hazymike the Gnoll Hunter began the quest for the Orb.
     0 | D:1      | Reached XP level 1. HP: 20/20 MP: 1/1
    40 | D:1      | Reached XP level 2. HP: 25/26 MP: 2/2
   370 | D:1      | Reached XP level 3. HP: 31/31 MP: 3/3
   886 | D:1      | Reached skill level 1 in Invocations
  1318 | D:2      | Reached skill level 1 in Short Blades
  1318 | D:2      | Reached skill level 1 in Long Blades
  1318 | D:2      | Reached skill level 1 in Axes
  1318 | D:2      | Reached skill level 1 in Maces & Flails
  1318 | D:2      | Reached skill level 1 in Polearms
  1318 | D:2      | Reached skill level 1 in Staves
  1318 | D:2      | Reached skill level 1 in Slings
  1318 | D:2      | Reached skill level 1 in Bows
  1318 | D:2      | Reached skill level 1 in Crossbows
  1318 | D:2      | Reached skill level 1 in Armour
  1318 | D:2      | Reached skill level 1 in Shields
  1318 | D:2      | Reached skill level 1 in Unarmed Combat
  1318 | D:2      | Reached skill level 1 in Spellcasting
  1318 | D:2      | Reached skill level 1 in Evocations
  1324 | D:2      | Reached XP level 4. HP: 31/38 MP: 5/5
  1566 | D:2      | Found a burning altar of Makhleb.
  1567 | D:2      | Found a hazy altar of Hepliaklqana.
  1608 | D:2      | Became a worshipper of Hepliaklqana the Forgotten
  1642 | D:2      | Noticed a centaur
  1659 | D:2      | Killed a centaur
  1659 | D:2      | Reached skill level 1 in Conjurations
  1659 | D:2      | Reached skill level 1 in Hexes
  1659 | D:2      | Reached skill level 1 in Charms
  1659 | D:2      | Reached skill level 1 in Summonings
  1659 | D:2      | Reached skill level 1 in Necromancy
  1659 | D:2      | Reached skill level 1 in Translocations
  1659 | D:2      | Reached skill level 1 in Transmutations
  1659 | D:2      | Reached skill level 1 in Fire Magic
  1659 | D:2      | Reached skill level 1 in Ice Magic
  1659 | D:2      | Reached skill level 1 in Air Magic
  1659 | D:2      | Reached skill level 1 in Earth Magic
  1659 | D:2      | Reached skill level 1 in Poison Magic
  1659 | D:2      | Reached XP level 5. HP: 8/38 MP: 5/7
  2578 | D:3      | Found a glowing drain.
  2601 | Sewer    | Entered a sewer
  2759 | Sewer    | Reached XP level 6. HP: 15/45 MP: 8/8
  3377 | D:3      | Noticed Grinder
  3377 | D:3      | Paralysed by Grinder for 5 turns
  3391 | D:3      | Paralysed by Grinder for 4 turns
  3398 | D:3      | Slain by Grinder

Levels and vault maps discovered:
D:1:      erik_arrival_orb_chamber, layout_basic
D:2:      layout_rooms, gammafunk_temple_overflow_pools,
          serial_co_window_serial, co_window_of_opportunity_a,
          co_window_corner_a, co_window_corner_a, co_window_corner_a,
          co_window_of_opportunity_a, co_window_cross_1, co_window_broadway_b,
          co_window_unsneaky_path_e, co_window_paths_c,
          co_window_unsneaky_path_b, co_window_broadway_b, co_window_4corner_a,
          co_window_paths_e
D:3:      layout_basic, gup_sewer_entry_pipe, uniq_grinder

Skill      XL: |  1  2  3  4  5  6 |
---------------+-------------------+-----
Invocations    | 1 2 |  2.0
Short Blades   | 1 |  1.8
Long Blades    | 1 |  1.8
Axes           | 1 |  1.8
Maces & Flails | 1 |  1.8
Polearms       | 1 |  1.8
Staves         | 1 |  1.8
Slings         | 1 |  1.8
Bows           | 1 |  1.8
Crossbows      | 1 |  1.8
Armour         | 1 |  1.8
Shields        | 1 |  1.8
Unarmed Combat | 1 |  1.8
Spellcasting   | 1 |  1.8
Evocations     | 1 |  1.8
Conjurations   | 1 |  1.4
Hexes          | 1 |  1.4
Charms         | 1 |  1.4
Summonings     | 1 |  1.4
Necromancy     | 1 |  1.4
Translocations | 1 |  1.4
Transmutations | 1 |  1.4
Fire Magic     | 1 |  1.4
Ice Magic      | 1 |  1.4
Air Magic      | 1 |  1.4
Earth Magic    | 1 |  1.4
Poison Magic   | 1 |  1.4
Stealth        | 3 |  3.0
Fighting       | |  4.9
Throwing       | |  8.7
Dodging        | |  4.9

Action                   |  1- 3 |  4- 6 || total
-------------------------+-------+-------++-------
Melee: Short sword       |   150 |   138 ||   288
       Bite              |    17 |    15 ||    32
Throw: Javelin           |       |     1 ||     1
       Dart              |       |     4 ||     4
  Use: Scroll            |       |     6 ||     6
       Potion            |       |     1 ||     1
 Stab: Sleeping          |     6 |    11 ||    17
  Eat: Chunk             |     1 |     7 ||     8
Armor: Leather armour    |    36 |    22 ||    58
Dodge: Dodged            |    91 |    88 ||   179
